 Dungeon Crawl Stone Soup version 0.26.1-11-gd32895ea62 (webtiles) character file.

Game seed: 6872124860825473747

485 nothank2 the Carver (level 6, 0/45 HPs)
             Began as a Minotaur Fighter on June 22, 2021.
             Was a Follower of Hepliaklqana.
             Succumbed to a gnoll's poison
             ... on level 4 of the Dungeon.
             The game lasted 00:09:32 (3703 turns).

nothank2 the Carver (Minotaur Fighter)              Turns: 3703, Time: 00:09:32

Health: 0/45       AC:  6    Str: 30    XL:     6   Next: 88%
Magic:  5/5        EV:  8    Int:  5    God:    Hepliaklqana [*.....]
Gold:   325        SH: 11    Dex: 10    Spells: 5/5 levels left

rFire    + . .     SeeInvis .   a - +1 long sword
rCold    + . .     Faith    .   c - +1 kite shield
rNeg     . . .     Spirit   .   h - +0 ring mail "Ceicoh" {Str+8}
rPois    .         Reflect  .   (helmet restricted)
rElec    .         Harm     .   s - scarf {rC+ rF+}
rCorr    .         Rampage  .   (no gloves)
Will     .....                  i - +0 pair of boots
Stlth    ..........             (no amulet)
HPRegen  0.15/turn              (no ring)
MPRegen  0.09/turn              (no ring)

@: lethally poisoned (0 -> -4)
A: retaliatory headbutt, reduced essence, horns 2
a: Renounce Religion, Recall Ancestor, Ancestor Identity


You were on level 4 of the Dungeon.
You worshipped Hepliaklqana.
Hepliaklqana was aware of your devotion.
You visited 1 branch of the dungeon, and saw 5 of its levels.

You collected 325 gold pieces.

Inventory:

Hand Weapons
 a - a +1 long sword (weapon)
Missiles
 o - 16 poisoned darts (quivered)
Armour
 b - a +0 scale mail
 c - a +1 kite shield (worn)
 h - the +0 ring mail "Ceicoh" (worn) {Str+8}
   (You found it on level 4 of the Dungeon)

   It affects your strength (+8).
 i - a +0 pair of boots (worn)
 s - a scarf of resistance (worn)
Scrolls
 e - 3 scrolls of teleportation
 f - a scroll of identify
 j - 2 scrolls of enchant weapon
Potions
 d - 2 potions of might
 k - 2 potions of brilliance
 m - a potion of attraction
 v - a potion of degeneration


   Skills:
 - Level 3.6 Fighting
 + Level 9.0 Long Blades
 + Level 0.1 Throwing
 - Level 3.6 Armour
 - Level 3.6 Shields


You had 5 spell levels left.
You didn't know any spells.
Your spell library was empty.

Dungeon Overview and Level Annotations

Branches:
Dungeon (5/15)
 Temple: D:4-7

Altars:
Ashenzari
Cheibriados
Dithmenos
Hepliaklqana
Okawaru
Ru
Wu Jian
Xom

Shops:
D:4 !


Innate Abilities, Weirdness & Mutations

You reflexively headbutt those who attack you in melee.
You have a pair of horns on your head.
Your life essence is reduced to manifest your ancestor. (-10% HP)


Message History

You feel sick.
* * * LOW HITPOINT WARNING * * *
You feel sick.
* * * LOW HITPOINT WARNING * * *
You feel sick.
* * * LOW HITPOINT WARNING * * *
You feel sick.
* * * LOW HITPOINT WARNING * * *
You feel sick.
You are no longer glowing.
* * * LOW HITPOINT WARNING * * *
You feel sick.
You see here 21 stones.
* * * LOW HITPOINT WARNING * * *
You feel sick.
You see here a falchion.
There is a lethal amount of poison in your body!
* * * LOW HITPOINT WARNING * * *
You feel sick.
You die...

###..####..####...##....#########
.###'####..#################.##..
..............................#..
..............................#..
..............................'..
..............................#..
###.##.##....##...##.##'#######..
.##.##.########...##.##.##..###..
................@..)..(..........
.................................
.................................
.................................
.................................
..####...#######'######..........
..####...##..###.....##...<.####+
.........#...........##..(..####.
.........#...........[>).........


There were no monsters in sight!

Vanquished Creatures
  An orc priest (D:3)
  A hound (D:4)
  An iguana (D:4)
  5 worker ants
  A hound zombie (D:5)
  3 gnolls
  7 adders
  An ooze (D:4)
  An adder skeleton (D:4)
  3 worms (D:2)
  2 dart slugs (D:2)
  4 leopard geckos
  7 orcs
  A giant cockroach (D:3)
  5 goblins
  9 hobgoblins
  2 jackals (D:2)
  3 kobolds
  A quokka (D:2)
  A ball python (D:4)
  3 bats
  2 frilled lizards (D:2)
  3 rats
67 creatures vanquished.

Vanquished Creatures (collateral kills)
  A scorpion (D:4)
  A centaur zombie (D:5)
  A gnoll (D:5)
  An orc (D:3)
  A bat (D:3)
  A kobold (D:3)
  A ball python (D:3)
7 creatures vanquished.

Vanquished Creatures (others)
  2 ancestors
2 creatures vanquished.

Grand Total: 76 creatures vanquished

Notes
Turn   | Place    | Note
-------+----------+-------------------------------------------
     0 | D:1      | nothank2 the Minotaur Fighter began the quest for the Orb.
     0 | D:1      | Reached XP level 1. HP: 19/19 MP: 0/0
   131 | D:1      | Reached skill level 3 in Long Blades
   568 | D:2      | Reached XP level 2. HP: 22/26 MP: 1/1
   727 | D:2      | Reached skill level 4 in Long Blades
   770 | D:2      | Found a shimmering altar of Xom.
   785 | D:2      | Reached XP level 3. HP: 27/31 MP: 2/2
   848 | D:2      | Found a broken altar of Ashenzari.
  1084 | D:2      | Found a faded altar of an unknown god.
  1088 | D:2      | Reached skill level 5 in Long Blades
  1099 | D:2      | Reached XP level 4. HP: 35/39 MP: 3/3
  1160 | D:2      | Found an iron altar of Okawaru.
  1160 | D:2      | Found a sacrificial altar of Ru.
  1160 | D:2      | Found a shadowy altar of Dithmenos.
  1160 | D:2      | Found a snail-covered altar of Cheibriados.
  1388 | D:2      | Found an ornate altar of the Wu Jian Council.
  1388 | D:2      | Found a hazy altar of Hepliaklqana.
  1397 | D:2      | Became a worshipper of Hepliaklqana the Forgotten
  1765 | D:3      | Reached skill level 6 in Long Blades
  1767 | D:3      | Reached XP level 5. HP: 39/40 MP: 4/4
  2093 | D:3      | Found an iron altar of Okawaru.
  2652 | D:4      | Reached * piety under Hepliaklqana
  2670 | D:4      | Reached skill level 7 in Long Blades
  2887 | D:4      | Found Vobaq's Distillery.
  3013 | D:4      | Reached XP level 6. HP: 45/45 MP: 5/5
  3243 | D:4      | Reached skill level 8 in Long Blades
  3475 | D:4      | Got a heavily runed ring mail
  3486 | D:4      | Identified the cursed +0 ring mail "Ceicoh" {Str+8} (You
                  | found it on level 4 of the Dungeon)
  3600 | D:5      | Entered Level 5 of the Dungeon
  3667 | D:5      | Reached skill level 9 in Long Blades
  3697 | D:4      | HP: 2/45 [poisoned by a gnoll]
  3703 | D:4      | Succumbed to a gnoll's poison

Illustrated notes

Levels and vault maps discovered:
D:1:      scummos_arrival_simple_crosswalls, layout_basic, hangedman_decor_push
D:2:      layout_basic, old_standard_altar, minmay_overflow_temple_hex,
          chequers_ecumenical_altar_simple_redux, xom_teletrap_fun
D:3:      layout_basic, grunt_decor_arrowhead, kennysheep_okawaru_gauntlet
D:4:      layout_gridville, serial_shops, shop, minmay_pentangle
D:5:      layout_cave_pods, makhleb_altar_promises_db,
          nemelex_xobeh_ov_fountains_minmay, uniq_edmund

Skill      XL: |  1  2  3  4  5  6 |
---------------+-------------------+-----
Long Blades    | 3 4 5 6 7 9 |  9.0
Fighting       | |  3.6
Throwing       | |  0.1
Armour         | |  3.6
Shields        | |  3.6

Action                   |  1- 3 |  4- 6 || total
-------------------------+-------+-------++-------
Melee: Long sword        |    60 |   121 ||   181
       Headbutt          |     4 |    21 ||    25
Throw: Dart              |       |     1 ||     1
  Use: Scroll            |     1 |    15 ||    16
       Potion            |       |     1 ||     1
Armor: Scale mail        |    25 |    29 ||    54
       Ring mail         |       |     5 ||     5
Dodge: Dodged            |    12 |    31 ||    43
Block: Kite shield       |    23 |    54 ||    77
       Rpst.: Long sword |     2 |     7 ||     9
